 Dungeon Crawl Stone Soup version 0.28-a0-751-gef3a642a4e (webtiles) character file.

Game seed: 12195228671021750109

7 croobank the Digger (level 2, 0/15 HPs)
             Began as a Gargoyle Earth Elementalist on Oct 31, 2021.
             Frozen to death by an endoplasm (3 damage)
             ... on level 1 of the Dungeon.
             The game lasted 00:03:51 (501 turns).

croobank the Digger (Gargoyle Earth Elementalist)    Turns: 501, Time: 00:03:53

Health: 0/15       AC:  4    Str: 11    XL:     2   Next: 0%
Magic:  0/5        EV: 12    Int: 15    God:
Gold:   113        SH:  0    Dex: 10    Spells: 4/5 levels left

rFire   . . .      SeeInvis .   g - +0 short sword
rCold   . . .      Faith    .   (no shield)
rNeg    + . .      Spirit   .   b - +0 robe
rPois   ∞          Reflect  .   (no helmet)
rElec   +          Harm     .   (no cloak)
rCorr   .          Rampage  .   (no gloves)
Will    .....                   (no boots)
Stlth   ++........              (no amulet)
HPRegen 0.05/turn               (no ring)
MPRegen 0.09/turn               (no ring)

@: no status effects
A: sickness immunity, AC +2, negative energy resistance 1, electricity
resistance, torment resistance 1, petrification resistance
a: no special abilities


You were on level 1 of the Dungeon.
You visited 1 branch of the dungeon, and saw 1 of its levels.

You collected 113 gold pieces.

Inventory:

Hand Weapons
 f - a +0 whip
 g - a +0 short sword (weapon)
Missiles
 a - 10 sling bullets
 c - 19 stones
Armour
 b - a +0 robe (worn)
 h - a +0 ring mail
Scrolls
 e - a scroll of noise {unknown}
Potions
 d - a potion of mutation {unknown}


   Skills:
 + Level 1.7 Dodging
 + Level 2.3 Stealth
 + Level 2.0 Spellcasting
 + Level 0.7 Transmutations
 + Level 3.9 Earth Magic


You had 4 spell levels left.
You knew the following spells:

 Your Spells              Type           Power      Damage    Failure   Level
a - Sandblast             Erth           26%        2d8       4%          1

Your spell library contained the following spells:

 Spells                   Type           Power      Damage    Failure   Level
 Passwall                 Tmut/Erth      6%         N/A       13%         2
 Stone Arrow              Conj/Erth      14%        3d7       30%         3
 Gell's Gravitas          Tloc           0%         N/A       54%         3
 Lesser Beckoning         Tloc           1%         N/A       54%         3
 Teleport Other           Tloc           1%         N/A       54%         3
 Petrify                  Tmut/Erth      8%         N/A       63%         4
 Passage of Golubria      Tloc           1%         N/A       91%         4
 Silence                  Hex/Air        0%         N/A       99%         5
 Lehudib's Crystal Spear  Conj/Erth      3%         10d3      100%        8


Dungeon Overview and Level Annotations

Branches:
Dungeon (1/15)

Altars:


Innate Abilities, Weirdness & Mutations

You are immune to sickness and miasma.
Your stone body is resilient. (AC +2)
You are immune to poison.
You resist negative energy. (rN+)
You are resistant to electric shocks. (rElec)
You are resistant to unholy torment.
You are immune to petrification.


Message History

Press: ? - help, Q - select action, (/) - cycle Shift-Dir - straight line, f/p - hobgoblin
Aim: a hobgoblin (79% to hit)
The blast of sand hits the hobgoblin.
The hobgoblin is lightly wounded.
The hobgoblin hits you but does no damage.
Aiming: Sandblast (safe; 4% risk of failure)
Press: ? - help, Q - select action, (/) - cycle Shift-Dir - straight line, f/p - hobgoblin
Aim: a hobgoblin (lightly wounded, 79% to hit)
The blast of sand misses the hobgoblin.
The hobgoblin barely misses you. The endoplasm freezes you.
You are frozen.
You hit the hobgoblin.
The hobgoblin is severely wounded.
The hobgoblin closely misses you. The endoplasm freezes you.
You are frozen.
You hit the hobgoblin.
The hobgoblin is almost dead.
The hobgoblin misses you. The endoplasm hits you.
You barely miss the hobgoblin.
The hobgoblin is almost dead.
The hobgoblin barely misses you.
The endoplasm hits you but does no damage.
The hobgoblin closely misses you.
You hit the hobgoblin.
You kill the hobgoblin!
The endoplasm misses you.
You have reached level 2!
The endoplasm hits you.
You see here a hobgoblin corpse.
The endoplasm hits you.
You hit the endoplasm.
The endoplasm is lightly wounded.
The endoplasm freezes you.
You are frozen.
* * * LOW HITPOINT WARNING * * *
The endoplasm freezes you.
You are frozen.
You die...

#############
#...........#
#....$......# ...
#...........# ###
.....#...........#
..+
.....#...........###
### .....
#....@†......# ##
.....##....J.......#
...
......>...........#
##.
####.....##########
#...............
#............... P
#............... ##
#............... .
+...#...........


You could see an endoplasm.

Vanquished Creatures
  2 hobgoblins (D:1)
  A quokka (D:1)
  A bat (D:1)
  A frilled lizard (D:1)
  A kobold (D:1)
  A rat (D:1)
  2 toadstools (D:1)
9 creatures vanquished.

Vanquished Creatures (others)
  2 toadstools (D:1)
2 creatures vanquished.

Grand Total: 11 creatures vanquished

Notes
Turn   | Place    | Note
-------+----------+-------------------------------------------
     0 | D:1      | croobank the Gargoyle Earth Elementalist began the quest
                  | for the Orb.
     0 | D:1      | Reached XP level 1. HP: 10/10 MP: 3/3
   499 | D:1      | Reached XP level 2. HP: 8/15 MP: 0/5
   501 | D:1      | Frozen to death by an endoplasm

Illustrated notes

Levels and vault maps discovered:
D:1:      matt_arrival_grand_opening, layout_basic, minmay_gold_behind_fungi,
          lexackson_kobold_supper

Action                   || total
-------------------------++-------
Melee: Short sword       ||    10
       Unarmed           ||     9
 Cast: Sandblast         ||    11
Armor: Robe              ||     4
Dodge: Dodged            ||    15

Table legend: (Time is in decaauts)
 A = Elapsed time spent in this place.
 B = Non-inter-level travel time spent in this place.
 C = Inter-level travel time spent in this place.
 D = Time resting spent in this place.
 E = Time spent auto-exploring this place.
 F = Levels seen in this place.
 G = Mean time per level.
                   A        B        C        D        E       F      G
               +--------+--------+--------+--------+--------+-----+--------+
         Total |    500 |    500 |      0 |     19 |    336 |   1 |  500.0 |
       Dungeon |    500 |    500 |      0 |     19 |    336 |   1 |  500.0 |
               +--------+--------+--------+--------+--------+-----+--------+

Top non-repeatable levels by time:
     D:1: 500 daAuts
